Map: Sanctuary III LE

Players

volanis - Winner!

  • Race: Zerg Zerg
  • League: Master

jokerSG

  • Race: Terran Terran
  • League: Diamond

VOD

Have the link to the VOD?

Description

Time

  • Played on: Oct. 19, 2026, 7:44 a.m.
  • Length: 17:09
Show
View Real Time Build Order
Export as new Build Order

volanis Zerg - Winner!

Build Orders: Pool First, Lurkers 

Get SALT Encoding   

  12  0:00  Drone  
  13  0:13  Overlord  
  13  0:20  Drone  
  14  0:33  Drone x2  
  16  0:36  Drone  
  17  0:46  Drone  
  18  0:54  Spawning Pool  
  17  1:12  Hatchery  
  17  1:15  Drone  
  17  1:16  Drone  
  18  1:20  Extractor  
  18  1:21  Drone  
  18  1:38  Drone  
  19  1:40  Drone  
  20  1:48  Hatchery  
  19  1:54  Overlord  
  19  2:08  Drone  
  19  2:10  Queen  
  19  2:14  Drone  
  23  2:23  Overlord  
  23  2:32  Extractor  
  23  2:35  Roach Warren  
  21  2:39  Metabolic Boost  
  21  2:43  Zergling x2  
  22  2:46  Drone  
  22  2:50  Drone  
  24  2:53  Drone  
  25  3:00  Pneumatized Carapace  
  25  3:10  Overlord  
  25  3:13  Drone  
  25  3:14  Drone  
  25  3:17  Drone  
  29  3:20  Drone  
  29  3:23  Drone  
  29  3:26  Drone  
  30  3:45  Drone x4  
  30  3:46  Drone x3  
  30  3:48  Drone  
  38  3:57  Spore Crawler  
  37  4:04  Lair  
  37  4:05  Spore Crawler  
  37  4:12  Drone  
  38  4:21  Queen x2  
  42  4:28  Spore Crawler  
  40  4:32  Roach x3  
  40  4:33  Roach  
  48  4:44  Drone  
  48  4:45  Drone  
  50  4:46  Overlord x3  
  50  4:52  Evolution Chamber  
  49  4:54  Evolution Chamber  
  48  5:03  Overseer  
  48  5:04  Queen  
  48  5:06  Queen  
  52  5:12  Drone x4  
  52  5:14  Drone  
  57  5:20  Extractor  
  57  5:21  Extractor  
  55  5:24  Nydus Network  
  55  5:25  Drone  
  55  5:26  Drone  
  55  5:27  Drone  
  57  5:28  Drone  
  58  5:39  Drone  
  58  5:40  Drone x3  
  62  5:43  Zerg Melee Weapons Level 1  
  62  5:52  Baneling Nest  
  61  6:01  Drone  
  61  6:02  Drone x2  
  61  6:03  Drone x3  
  61  6:04  Drone x3  
  68  6:05  Drone  
  68  6:08  Drone  
  68  6:09  Drone  
  73  6:22  Drone, Extractor  
  73  6:23  Drone, Extractor  
  73  6:26  Overlord x3  
  73  6:27  Overlord  
  73  6:37  Hatchery  
  73  6:38  Spore Crawler  
  71  6:40  Zerg Ground Armor Level 1  
  71  6:45  Drone  
  72  6:47  Infestation Pit  
  72  6:48  Drone  
  72  6:49  Drone  
  72  6:51  Hydralisk Den  
  72  6:52  Drone  
  72  6:53  Evolution Chamber, Drone  
  72  6:54  Drone x2  
  75  6:55  Drone x3  
  78  7:16  Overseer  
  78  7:20  Drone x3  
  78  7:21  Drone x2  
  84  7:22  Zergling x2  
  84  7:23  Zergling x12  
  90  7:31  Zerg Missile Weapons Level 1  
  90  7:33  Muscular Augments  
  90  7:37  Lurker Den  
  90  7:38  Hive  
  90  7:39  Lurker Den  
  90  7:42  Zergling x14  
  90  7:44  Centrifugal Hooks  
  95  7:48  Overseer, Drone  
  95  7:49  Drone x2  
  98  8:09  Baneling x2  
  98  8:10  Baneling x12  
  98  8:11  Drone x6  
  104  8:14  Overlord x4  
  104  8:15  Overlord  
  104  8:37  Grooved Spines  
  104  8:38  Zergling x2  
  104  8:39  Zergling x26  
  118  8:47  Spire  
  117  8:52  Spire  
  117  8:54  Adaptive Talons, Seismic Spines, Adrenal Glands  
  116  9:00  Hydralisk  
  116  9:01  Hydralisk x2  
  122  9:04  Drone x2  
  122  9:05  Extractor x2, Drone x3  
  122  9:06  Drone x2  
  122  9:07  Drone x3  
  130  9:11  Overlord  
  130  9:20  Hatchery, Extractor  
  130  9:23  Extractor  
  127  9:29  Drone  
  127  9:30  Drone x2  
  127  9:31  Drone x3, Overlord  
  133  9:32  Overlord  
  133  9:38  Hatchery  
  132  9:39  Spore Crawler  
  132  9:40  Drone x5  
  132  9:41  Extractor x2  
  132  9:43  Spore Crawler  
  133  9:55  Zerg Flyer Weapons Level 1  
  133  10:00  Ultralisk Cavern  
  133  10:01  Greater Spire  
  133  10:03  Zerg Melee Weapons Level 2, Zerg Missile Weapons Level 2  
  133  10:06  Zerg Ground Armor Level 2  
  132  10:13  Baneling x8  
  132  10:14  Baneling  
  132  10:36  Baneling  
  132  10:37  Baneling x20  
  132  10:38  Baneling  
  132  10:47  Overlord x2  
  132  10:48  Overlord x3  
  132  10:50  Drone x5  
  132  10:51  Drone x5  
  142  10:59  Baneling  
  142  11:00  Baneling x10  
  142  11:01  Lurker  
  135  11:11  Hydralisk  
  135  11:12  Hydralisk x4  
  135  11:13  Hydralisk, Unknown  
  135  11:15  Overseer x2  
  135  11:16  Overseer  
  147  11:28  Spore Crawler  
  147  11:29  Spore Crawler x2  
  144  11:40  Chitinous Plating  
  144  11:42  Corruptor x4  
  144  11:46  Lurker x6  
  158  11:49  Zerg Flyer Armor Level 1, Overseer  
  158  11:50  Overseer  
  158  12:05  Overlord x2  
  158  12:11  Hatchery, Ultralisk  
  158  12:15  Drone x4  
  166  12:16  Drone  
  166  12:17  Drone  
  166  12:18  Drone  
  166  12:19  Hatchery, Drone  
  166  12:20  Drone  
  166  12:21  Drone  
  166  12:22  Drone  
  173  12:23  Drone  
  173  12:25  Extractor  
  173  12:26  Drone x2  
  173  12:27  Drone  
  173  12:28  Drone  
  177  12:40  Extractor  
  177  12:42  Burrow  
  176  12:55  Infestor  
  178  12:58  Anabolic Synthesis  
  178  13:00  Infestor x3  
  178  13:01  Viper x3  
  178  13:02  Viper  
  178  13:03  Corruptor  
  178  13:04  Corruptor  
  200  13:12  Spine Crawler  
  199  13:15  Spine Crawler  
  199  13:17  Zerg Flyer Weapons Level 2  
  199  13:19  Zerg Melee Weapons Level 3, Zerg Missile Weapons Level 3, Zerg Ground Armor Level 3  
  197  14:10  Spore Crawler x3  
  197  14:12  Spore Crawler x5  
  197  14:13  Spore Crawler  
  197  14:14  Spore Crawler x2  
  197  14:15  Spore Crawler  
  197  14:16  Spore Crawler x3  
  182  14:17  Spore Crawler x2  
  182  14:18  Spore Crawler  
  182  14:20  Spore Crawler  
  182  14:21  Spore Crawler  
  182  14:22  Corruptor x7  
  191  14:26  Zergling x4  
  191  14:27  Spore Crawler  
  191  14:28  Zergling x2, Spore Crawler  
  191  14:29  Spore Crawler x2  
  191  14:30  Spore Crawler  
  191  14:31  Spore Crawler x3  
  206  14:32  Spore Crawler  
  210  14:50  Overseer, Overlord x2  
  210  14:51  Overlord x4  
  210  14:53  Zerg Flyer Armor Level 2  
  209  15:07  Overseer  
  140  16:17  Zergling x2  
  140  16:18  Zergling x48  
  149  16:19  Zergling x28  
  172  16:29  Zergling x2  
  172  16:30  Zergling x56  
  172  16:31  Zergling x8  
  197  16:49  Zergling x4  
  197  16:50  Zergling x2  
Show
View Real Time Build Order
Export as new Build Order

jokerSG Terran 

Build Orders: 1/1/1, Liberator Opening 

Get SALT Encoding   

  12  0:08  SCV  
  13  0:22  Supply Depot  
  13  0:23  SCV  
  14  0:30  Refinery  
  15  0:35  SCV  
  15  0:46  Barracks  
  15  0:53  SCV  
  16  1:05  SCV  
  17  1:13  Refinery  
  17  1:18  SCV  
  18  1:30  SCV  
  19  1:34  Marine  
  19  1:37  Factory  
  20  1:43  Orbital Command  
  20  1:54  Supply Depot  
  20  1:57  Marine  
  21  2:10  SCV  
  22  2:17  Marine  
  23  2:25  Starport  
  23  2:33  SCV  
  23  2:35  Widow Mine  
  26  2:40  Barracks Tech Lab  
  26  2:54  SCV  
  27  2:59  Command Center  
  27  3:05  Liberator  
  30  3:16  Supply Depot  
  30  3:26  SCV  
  31  3:33  Barracks Reactor  
  34  3:49  Cyclone  
  34  4:04  Engineering Bay  
  34  4:05  SCV  
  34  4:06  Viking  
  37  4:13  Armory  
  37  4:16  Marine  
  37  4:17  Marine, SCV  
  40  4:43  Planetary Fortress  
  40  4:52  Command Center  
  40  5:01  Bunker, Hi-Sec Auto Tracking  
  40  5:02  Barracks Tech Lab  
  40  5:06  Factory  
  40  5:22  SCV x2  
  42  5:31  Missile Turret  
  42  5:33  Terran Ship Weapons Level 1  
  42  5:35  Liberator  
  45  5:37  SCV x2  
  47  5:44  Refinery  
  47  5:51  SCV x2  
  49  6:03  SCV  
  51  6:18  SCV x2  
  52  6:33  SCV x2  
  52  6:35  Refinery  
  54  6:41  Drilling Claws  
  54  6:45  Factory Reactor  
  54  6:46  Liberator x2  
  60  7:01  Missile Turret  
  60  7:04  SCV x2  
  60  7:06  Orbital Command, Missile Turret  
  62  7:11  Command Center  
  62  7:15  Neosteel Armor  
  62  7:17  Missile Turret  
  62  7:19  Missile Turret  
  62  7:21  SCV x2  
  62  7:29  Fusion Core  
  62  7:33  SCV  
  62  7:35  Widow Mine  
  62  7:36  Armory  
  65  7:50  Liberator  
  68  7:51  Sensor Tower  
  68  7:55  Terran Vehicle And Ship Armor Level 1  
  68  8:02  Smart Servos  
  68  8:09  SCV  
  69  8:22  Advanced Ballistics  
  69  8:23  SCV x3, Widow Mine x2  
  69  8:25  Terran Vehicle Weapons Level 1  
  76  8:35  SCV  
  77  8:52  Missile Turret  
  77  9:00  Refinery x2  
  77  9:06  Liberator x2  
  83  9:14  Missile Turret  
  83  9:23  Terran Infantry Weapons Level 1  
  83  9:34  Planetary Fortress  
  83  9:39  Bunker  
  83  10:00  SCV  
  84  10:21  Terran Ship Weapons Level 2  
  84  10:40  Missile Turret  
  84  10:43  Missile Turret  
  84  10:52  Sensor Tower  
  84  10:56  Missile Turret  
  84  10:58  Terran Vehicle And Ship Armor Level 2, Barracks  
  84  11:02  SCV  
  84  11:06  Barracks  
  84  11:20  Command Center  
  84  11:24  Weapon Refit  
  84  11:35  Starport x2  
  84  11:38  Terran Infantry Armor Level 1  
  84  11:39  Starport  
  84  11:51  Barracks Reactor  
  84  11:53  Stimpack  
  84  12:01  Supply Depot x2  
  84  12:15  Supply Depot  
  84  12:22  Thor, SCV x2  
  92  12:23  Command Center, SCV x2, Widow Mine x2, Marauder  
  92  12:26  Refinery  
  92  12:27  Starport Reactor  
  92  12:28  Starport Reactor x2  
  100  12:31  Liberator x2  
  106  12:41  SCV x4  
  106  12:42  Engineering Bay  
  110  12:45  Marine x2  
  110  12:46  Marauder  
  114  12:56  Supply Depot  
  114  13:25  Refinery  
  114  13:29  Refinery  
  114  13:30  Command Center  
  114  13:31  Missile Turret  
  114  13:33  Marine x2, Marauder  
  118  13:35  Thor  
  118  13:37  Viking x3  
  118  13:38  Viking x5  
  140  13:51  Missile Turret x2  
  140  13:54  Missile Turret  
  140  13:58  Factory, Marine  
  140  13:59  Marine x2  
  143  14:04  Planetary Fortress  
  143  14:08  Command Center, Terran Infantry Weapons Level 2, Terran Infantry Armor Level 2  
  141  14:10  Terran Vehicle Weapons Level 2  
  141  14:11  Terran Ship Weapons Level 3  
  141  14:13  Missile Turret  
  141  14:14  Planetary Fortress  
  141  14:17  Marauder  
  141  14:18  Liberator  
  146  14:41  Command Center, Liberator x2  
  146  14:42  Siege Tank, Widow Mine x2  
  159  14:47  Supply Depot  
  159  14:52  Supply Depot  
  159  14:54  Supply Depot  
  159  15:09  Liberator  
  162  15:16  Planetary Fortress  
  107  16:05  Viking x5  
  107  16:06  Viking x2  
  93  16:16  SCV x4  
  93  16:17  SCV  
  84  16:22  Factory Tech Lab  
  84  16:24  Thor, Widow Mine  
  84  16:25  Widow Mine  
  94  16:28  SCV x2  
  85  16:44  Missile Turret  
  100  16:50  Missile Turret  
Tags
 
Add a new tag
Caveats
  • Supply blocks, unpowered buildings, or Contaminate may cause inaccurate times.
  • Supply counts are checked every 10 seconds.